 Dungeon Sprint DCSS version 0.13-a0-2995-g9a84c3d (webtiles) character file.

27765 Misa the Shatterer (level 13, -2/130 HPs)
             Began as a Lava Orc Berserker on Sept 8, 2013.
             Was the Champion of Trog.
             Killed from afar by a storm dragon (25 damage)
             ... with a bolt of lightning
             ... in the Dungeon (Sprint IX: "|||||||||||||||||||||||||||||").
             The game lasted 00:18:14 (2525 turns).

Misa the Shatterer (Lava Orc Berserker)             Turns: 2525, Time: 00:18:15

HP  -2/130       AC 28     Str 30      XL: 13   Next:  2%
MP   7/7         EV  8     Int 15      God: Trog [******]
Gold 752         SH  0     Dex 15      Spells:  0 memorised, 12 levels left

Res.Fire  : + + +   See Invis. : .   t - +4,+7 orc great mace (antimagic)
Res.Cold  : x . .   Warding    : .   L - +1 plate armour of Clo Xyur {Str+2 Dex+5}
Life Prot.: . . .   Conserve   : .   (no shield)
Res.Poison: .       Res.Corr.  : .   m - +3 hat of Pondering {ponderous, MR+ MP+10 Res.Elec. : . Clarity : . s - +0 cloak
Sust.Abil.: . .     Spirit.Shd : .   b - +0 pair of dwarf gloves
Res.Mut.  : .       Prev.Telep.: +   n - +0 pair of boots
Res.Rott. : .       Flight     : .   (no amulet)
Saprovore : + . .                    r - +3 ring of intelligence
                                     q - +3 ring of strength

@: regenerating, slow, extremely resistant to hostile enchantments, extremely
unstealthy
A: conserve scrolls, saprovore 1
a: Burn Spellbooks, Berserk, Trog's Hand, Brothers in Arms, Renounce Religion


You were in the Dungeon.
You worshipped Trog.
Trog was exalted by your worship.
You were not hungry.

You visited 1 branch You collected 1922 gold pieces.
You spent 1190 gold pieces at shops.

Inventory:

Hand weapons
 p - the +10,+8 great sword "Plog" {slice, rElec rPois rC-}
   (Trog gifted it to you in the Dungeon)

   It inflicts extra damage upon your enemies.
   It makes you vulnerable to cold.
   It insulates you from electricity.
   It protects you from poison.
 t - a +4,+7 orcish anti-magic great mace (weapon)
 B - a -1,+0 orcish dagger (quivered)
 G - a +4,+3 orcish great mace of protection
Armour
 b - a +0 pair of dwarven gloves (worn)
 m - the +3 hat of Pondering (worn) {ponderous, MR+ MP+10 Int+5}
   (You took it off Gastronok in the Dungeon)

   It affects your intelligence (+5).
   It affects your resistance to hostile enchantments.
   It affects your magic capacity (+10).
 n - a +0 pair of boots (worn)
 o - a +0 helmet
 s - a +0 cloak (worn)
 L - the +1 plate armour of Clo Xyur (worn) {Str+2 Dex+5}
   (You bought it in a shop in the Dungeon)

   It affects your strength (+2).
   It affects your dexterity (+5).
Magical devices
 l - a wand of draining (7)
 D - a wand of polymorph (0) {unknown}
 I - a wand of draining (3)
Comestibles
 a - 40 strawberries
 c - 11 meat rations
 x - 13 bread rations
Scrolls
 i - 2 scrolls of blinking
 k - 4 scrolls of remove curse
 z - a scroll of identify
 A - 4 scrolls of fear
Jewellery
 q - a +3 ring of strength (left hand)
 r - a +3 ring of intelligence (right hand)
 w - an uncursed ring of ice
 y - an uncursed ring of protection from magic
 C - an uncursed ring of protection from cold
Potions
 d - 4 potions of curing
 e - 11 potions of heal wounds
 f - a potion of speed
 g - 4 potions of magic
 h - a potion of berserk rage
 j - a potion of invisibility
 u - 3 potions of agility
 v - a potion of cure mutation
 E - a potion of brilliance


   Skills:
 + Level 21.7 Fighting
 - Level 6.0 Long Blades
 + Level 22.0 Maces & Flails
 + Level 20.1 Armour
 - Level 1.5 Dodging


You had 12 spell levels left.
You didn't know any spells.

Dungeon Overview and Level Annotations

Branches:
Dungeon (1/1)

Altars:
Ashenzari
Cheibriados
Elyvilon
Fedhas
Kikubaaqudgha
Makhleb
Nemelex Xobeh
Okawaru
Sif Muna
Trog
Vehumet
Xom
Yredelemnul
Zin
the Shining One

Shops:
D /?([


Innate Abilities, Weirdness & Mutations

You have stony skin.
You cover ground slowly.
Your flesh is almost immune to the effects of heat.
Your fire spells are more powerful.
Your flesh is vulnerable to cold.
Your heat harms attackers.
You bathe your surroundings in blazing heat.
You are too hot to use scrolls.
You are very good at protecting items from fire.
You can tolerate rotten meat.


Message History

The boulder beetle bites you!
You hit the boulder beetle.
The boulder beetle is moderately wounded.
You barely miss the boulder beetle.
The boulder beetle is moderately wounded.
Your stony skin melts.
The boulder beetle bites you!
You crush the boulder beetle like a grape!!!
The boulder beetle is almost dead.
You hit the boulder beetle but do no damage.
The boulder beetle is almost dead.
You bludgeon the boulder beetle!!
You kill the boulder beetle!
Trog accepts your kill.
Your Maces & Flails skill increases to level 22!
The storm dragon breathes lightning at you.
The bolt of lightning hits you!
* * * LOW HITPOINT WARNING * * *
The bolt of lightning hits you!
You die...

.#.#.#.#.#'#.#.#.#.#,*,*,*,*,*,*,
.#.#.#.#.#.#.#.#.#C#,*,*,*,*,*,*,
.#'#.#.#.#.#.#.#.#.#,*,*, +*,*,*,
.#.#.#.#.#.#.#.#.#.#,*,*,*,*,*,*,
.#.#.#.#.#.#.#.#.#.#,*,*,*,*,*,*,
.#.#.#.#.#.#.#.#.#.#,*,*,*,*,* ,
.#.#.#.#.#.#.#.#.#(#,*, * *,*, ,
.#.#.#.#.#.#.#.#.#.#,*,*,*,*, ,*,
.#.#.#.#.#.#.#.#@#.#,*,*,*,*,*,*,
...#...#...#...#.%D#,,,*,,,*,,, ,
####################*************


You could see a storm dragon.

Vanquished Creatures
  Gastronok (D)
  4 stone giants (D)
  A great orb of eyes (D)
  Josephine (D)
  Nessos (D)
  A naga warrior (D)
  2 orc high priests (D)
  An unseen horror (D)
  A sea snake (D)
  A swamp dragon (D)
  2 hill giants (D)
  3 orc knights (D)
  A wizard (D)
  A red wasp (D)
  A wolf spider (D)
  A griffon (D)
  Maurice (D)
  A black mamba (D)
  2 spiny frogs (D)
  A mermaid (D)
  A smoke demon (D)
  A demonic crawler (D)
  3 orb spiders (D)
  A red devil (D)
  A wind drake (shapeshifter) (D)
  A jumping spider (D)
  A snapping turtle (D)
  A boulder beetle (D)
  A blink frog (D)
  2 giant leeches (D)
  2 slime creatures (D)
  A basilisk (D)
  A ynoxinul (D)
  2 hippogriffs (D)
  4 ugly things (D)
  A hungry ghost (D)
  A deep elf fighter (D)
  3 merfolk (D)
  2 manticores (D)
  A hell hound (D)
  4 wolves (D)
  A mottled dragon (D)
  A porcupine (D)
  2 nagas (D)
  A phantom (D)
  10 orc warriors (D)
  An ogre (D)
  2 crocodiles (D)
  A rotting devil (D)
  2 big kobolds (D)
  2 giant frogs (D)
  6 water moccasins (D)
  3 agate snails (D)
  An insubstantial wisp (D)
  An eye of draining (D)
  2 killer bees (D)
  3 wargs (D)
  A spider (D)
  A crimson imp (D)
  4 orc priests (D)
  A hound (D)
  3 orc wizards (D)
  A worker ant (D)
  3 adders (D)
  A green rat (D)
  2 ufetubi (D)
  An adder skeleton (D)
  A giant gecko (D)
  7 orcs (D)
  A ball python (D)
  A bat skeleton (D)
  A hobgoblin (D)
  4 bats (D)
  A giant cockroach simulacrum (D)
  A giant newt skeleton (D)
  A giant newt zombie (D)
  2 goblin skeletons (D)
  A kobold (D)
  A kobold zombie (D)
  A quokka zombie (D)
  A rat (D)
  A rat zombie (D)
  A fungus (D)
146 creatures vanquished.

Vanquished Creatures (collateral kills)
  A fire giant (D)
  A stone giant (D)
  A yaktaur captain (D)
  4 orc knights (D)
  A troll (D)
  A steam dragon (D)
  5 orc warriors (D)
  An ogre (D)
15 creatures vanquished.

Vanquished Creatures (others)
  A spatial maelstrom (D)
  A deep troll (D)
  A hill giant (D)
  An orb spider (D)
  An ogre (D)
  A fungus (D)
6 creatures vanquished.

Grand Total: 167 creatures vanquished

Notes
Turn   | Place    | Note
--------------------------------------------------------------
     0 | D        | Misa, the Lava Orc Berserker, began the quest for the Orb.
     0 | D        | Reached XP level 1. HP: 19/19 MP: 0/0
     1 | D        | Banished a spatial maelstrom
    11 | D        | Reached skill level 4 in Fighting
    14 | D        | Acquired Trog's second power
    29 | D        | Noticed a worker ant
    42 | D        | Acquired Trog's third power
    42 | D        | Reached XP level 2. HP: 4/27 MP: 1/1
    53 | D        | Killed a worker ant
    53 | D        | Reached skill level 5 in Fighting
    53 | D        | Reached skill level 5 in Maces & Flails
    53 | D        | Reached XP level 3. HP: 3/34 MP: 2/2
    69 | D        | Found a white marble altar of Elyvilon.
    69 | D        | Found a shimmering altar of Xom.
    69 | D        | Found a deep blue altar of Sif Muna.
    69 | D        | Found a bloodstained altar of Trog.
    69 | D        | Found a blossoming altar of Fedhas.
    69 | D        | Found an ancient bone altar of Kikubaaqudgha.
    69 | D        | Found a bloodstained altar of Trog.
    70 | D        | Found a burning altar of Makhleb.
    71 | D        | Found a sparkling altar of Nemelex Xobeh.
    72 | D        | Found a shattered altar of Ashenzari.
    73 | D        | Found a snail-covered altar of Cheibriados.
    74 | D        | Found an iron altar of Okawaru.
    75 | D        | Found a radiant altar of Vehumet.
    76 | D        | Found a glowing silver altar of Zin.
    77 | D        | Found a glowing golden altar of the Shining One.
    78 | D        | Found a basalt altar of Yredelemnul.
    79 | D        | Found an ancient bone altar of Kikubaaqudgha.
   239 | D        | Noticed a killer bee
   239 | D        | Noticed a steam dragon
   239 | D        | Noticed a phantom
   239 | D        | Noticed an ogre
   239 | D        | Noticed a troll
   248 | D        | Killed a troll
   248 | D        | Reached skill level 8 in Fighting
   248 | D        | Reached XP level 4. HP: 24/42 MP: 3/3
   248 | D        | Reached XP level 5. HP: 28/49 MP: 4/4
   249 | D        | Killed an ogre
   249 | D        | Reached skill level 9 in Fighting
   250 | D        | Killed a steam dragon
   250 | D        | Reached XP level 6. HP: 32/58 MP: 5/5
   256 | D        | Killed a killer bee
   256 | D        | Reached skill level 10 in Fighting
   260 | D        | Killed a phantom
   374 | D        | Noticed a crimson imp
   374 | D        | Noticed a purple ugly thing
   374 | D        | Noticed an ogre
   374 | D        | Noticed a manticore
   384 | D        | Killed a manticore
   384 | D        | Received a gift from Trog
   384 | D        | Reached skill level 11 in Fighting
   384 | D        | Reached skill level 10 in Maces & Flails
   384 | D        | Reached XP level 7. HP: 57/66 MP: 6/6
   388 | D        | Killed an ogre
   388 | D        | Reached skill level 10 in Armour
   393 | D        | Killed a purple ugly thing
   403 | D        | Killed an unseen horror
   403 | D        | Reached skill level 12 in Fighting
   403 | D        | Reached XP level 8. HP: 39/75 MP: 7/7
   412 | D        | Killed a crimson imp
   412 | D        | Reached skill level 13 in Fighting
   561 | D        | Noticed a black mamba
   561 | D        | Noticed an agate snail
   561 | D        | Noticed a basilisk
   561 | D        | Noticed a blink frog
   561 | D        | Noticed a giant frog
   561 | D        | Noticed a spiny frog
   564 | D        | Killed a spiny frog
   570 | D        | Killed a blink frog
   570 | D        | Received a gift from Trog
   571 | D        | Killed a giant frog
   577 | D        | Killed a basilisk
   577 | D        | Reached skill level 14 in Fighting
   577 | D        | Reached XP level 9. HP: 51/84 MP: 2/8
   583 | D        | Killed an agate snail
   585 | D        | Killed a black mamba
   715 | D        | Noticed a crocodile
   715 | D        | Noticed a giant frog
   715 | D        | Noticed an agate snail
   715 | D        | Noticed a hound
   715 | D        | Noticed an agate snail
   715 | D        | Noticed a hippogriff
   716 | D        | Received a gift from Trog
   723 | D        | Noticed a crocodile
   724 | D        | Killed a hippogriff
   726 | D        | Noticed a porcupine
   729 | D        | Killed an agate snail
   729 | D        | Reached skill level 15 in Maces & Flails
   731 | D        | Killed a hound
   734 | D        | Killed an agate snail
   735 | D        | Killed a giant frog
   737 | D        | Killed a crocodile
   739 | D        | Killed a crocodile
   739 | D        | Reached skill level 15 in Fighting
   741 | D        | Killed a porcupine
   744 | D        | Received a gift from Trog
   759 | D        | Noticed a warg
   759 | D        | Noticed a wolf
   759 | D        | Noticed a wolf
   760 | D        | Noticed a hell hound
   760 | D        | Killed a wolf
   763 | D        | Killed a wolf
   765 | D        | Noticed a warg
   766 | D        | Noticed a wolf
   767 | D        | Noticed a warg
   773 | D        | Killed a hell hound
   777 | D        | Killed a warg
   777 | D        | Reached skill level 16 in Maces & Flails
   779 | D        | Killed a warg
   783 | D        | Killed a wolf
   786 | D        | Noticed a wolf
   786 | D        | Killed a warg
   786 | D        | Received a gift from Trog
   791 | D        | Killed a wolf
   884 | D        | Noticed Maurice
   893 | D        | Killed Maurice
   893 | D        | Reached XP level 10. HP: 95/95 MP: 3/9
   907 | D        | Noticed Josephine
   919 | D        | Killed Josephine
   919 | D        | Received a gift from Trog
   919 | D        | Reached skill level 17 in Maces & Flails
   989 | D        | Noticed an orc wizard
   989 | D        | Noticed an orc wizard
   989 | D        | Noticed an orc priest
   989 | D        | Noticed an orc priest
   992 | D        | Killed an orc priest
   995 | D        | Noticed an orc wizard
   995 | D        | Killed an orc priest
   998 | D        | Killed an orc wizard
   998 | D        | Reached skill level 15 in Armour
  1000 | D        | Noticed a stone giant
  1003 | D        | Noticed an orc high priest
  1003 | D        | Killed an orc wizard
  1004 | D        | Killed an orc wizard
  1004 | D        | Received a gift from Trog
  1023 | D        | Killed a stone giant
  1023 | D        | Reached skill level 18 in Maces & Flails
  1031 | D        | Killed an orc high priest
  1065 | D        | Received a gift from Trog
  1126 | D        | Noticed an orc priest
  1126 | D        | Noticed an orc warrior
  1126 | D        | Noticed an orc warrior
  1126 | D        | Noticed an orc high priest
  1126 | D        | Noticed an orc warrior
  1126 | D        | Noticed an orc warrior
  1126 | D        | Noticed an orc priest
  1128 | D        | Noticed an orc warrior
  1129 | D        | Killed an orc priest
  1131 | D        | Killed an orc warrior
  1132 | D        | Noticed an orc knight
  1135 | D        | Noticed an orc warrior
  1136 | D        | Killed an orc warrior
  1139 | D        | Noticed an orc warrior
  1140 | D        | Killed an orc high priest
  1145 | D        | Killed an orc warrior
  1146 | D        | Killed an orc warrior
  1146 | D        | Received a gift from Trog
  1148 | D        | Killed an orc priest
  1156 | D        | Killed an orc knight
  1156 | D        | Reached XP level 11. HP: 29/106 MP: 3/10
  1158 | D        | Killed an orc warrior
  1159 | D        | Noticed an orc warrior
  1161 | D        | Killed an orc warrior
  1162 | D        | Killed an orc warrior
  1164 | D        | Killed an orc warrior
  1179 | D        | Received a gift from Trog
  1219 | D        | Found Klukaza's Armour Boutique.
  1219 | D        | Noticed an orc knight
  1219 | D        | Noticed an orc warrior
  1219 | D        | Noticed an orc knight
  1219 | D        | Noticed an orc knight
  1219 | D        | Noticed an orc warrior
  1219 | D        | Noticed an orc warrior
  1222 | D        | Noticed an orc warrior
  1222 | D        | Killed an orc warrior
  1224 | D        | Noticed an orc warrior
  1224 | D        | Killed an orc warrior
  1225 | D        | Found Rauwn's Antique Weapon Shop.
  1226 | D        | Noticed an orc warrior
  1235 | D        | Killed an orc knight
  1238 | D        | Killed an orc knight
  1238 | D        | Reached skill level 19 in Maces & Flails
  1243 | D        | Killed an orc knight
  1243 | D        | Killed an orc warrior
  1243 | D        | Received a gift from Trog
  1254 | D        | Killed an orc warrior
  1255 | D        | Killed an orc warrior
  1276 | D        | Found Shesha's Magic Scroll Boutique.
  1280 | D        | Found Toufasch's Magical Wand Shop.
  1282 | D        | Noticed an orc knight
  1284 | D        | Noticed an orc knight
  1287 | D        | Killed an orc warrior
  1290 | D        | Noticed an orc knight
  1293 | D        | Noticed an orc warrior
  1295 | D        | Killed an orc knight
  1303 | D        | Killed an orc knight
  1309 | D        | Killed an orc knight
  1309 | D        | Received a gift from Trog
  1311 | D        | Killed an orc warrior
  1338 | D        | Bought a wand of draining (3) for 77 gold pieces
  1341 | D        | Bought a scroll of enchant weapon I for 60 gold pieces
  1341 | D        | Bought a scroll of enchant weapon II for 60 gold pieces
  1346 | D        | Bought the +1 plate armour of Clo Xyur {Str+2 Dex+5} for 955 gold pieces
  1355 | D        | Bought a scroll of magic mapping for 38 gold pieces
  1606 | D        | Noticed Gastronok
  1619 | D        | Killed Gastronok
  1622 | D        | Received a gift from Trog
  1625 | D        | Got a bone great sword {god gift}
  1626 | D        | Identified the great sword "Plog" {god gift, slice, rElec rPois rC-} (Trog gifted it to you in the Dungeon)
  1723 | D        | Noticed a hill giant
  1723 | D        | Noticed a wind drake
  1723 | D        | Noticed a killer bee
  1723 | D        | Noticed a hungry ghost
  1723 | D        | Noticed a big kobold
  1723 | D        | Noticed a hill giant
  1724 | D        | Noticed an eye of draining
  1728 | D        | Killed a hill giant
  1728 | D        | Reached skill level 1 in Long Blades
  1729 | D        | Noticed a griffon
  1730 | D        | Killed a big kobold
  1732 | D        | Noticed a great orb of eyes
  1737 | D        | Killed a hungry ghost
  1739 | D        | Killed a killer bee
  1745 | D        | Noticed a green ugly thing
  1746 | D        | Killed a wind drake
  1747 | D        | Noticed a deep elf fighter
  1748 | D        | Killed a hill giant
  1749 | D        | Noticed a wizard
  1751 | D        | Killed an eye of draining
  1754 | D        | Noticed a big kobold
  1754 | D        | Killed a griffon
  1754 | D        | Reached skill level 20 in Maces & Flails
  1755 | D        | Noticed a white ugly thing
  1758 | D        | Killed a great orb of eyes
  1758 | D        | Received a gift from Trog
  1762 | D        | Killed a wizard
  1762 | D        | Reached skill level 5 in Long Blades
  1763 | D        | Killed a green ugly thing
  1766 | D        | Killed a deep elf fighter
  1768 | D        | Killed a big kobold
  1771 | D        | Killed a white ugly thing
  1771 | D        | Reached XP level 12. HP: 102/118 MP: 2/11
  1775 | D        | Received a gift from Trog
  1938 | D        | Noticed a naga
  1938 | D        | Noticed a naga
  1938 | D        | Noticed a water moccasin
  1938 | D        | Noticed a water moccasin
  1938 | D        | Noticed a water moccasin
  1938 | D        | Noticed a water moccasin
  1938 | D        | Noticed a naga warrior
  1939 | D        | Noticed a water moccasin
  1949 | D        | Killed a naga warrior
  1952 | D        | Killed a water moccasin
  1954 | D        | Killed a water moccasin
  1956 | D        | Killed a water moccasin
  1956 | D        | Received a gift from Trog
  1957 | D        | Noticed a water moccasin
  1957 | D        | Killed a water moccasin
  1959 | D        | Killed a naga
  1961 | D        | Killed a naga
  1963 | D        | Killed a water moccasin
  1964 | D        | Killed a water moccasin
  1968 | D        | Received a gift from Trog
  2120 | D        | Noticed a merfolk
  2120 | D        | Noticed a merfolk
  2120 | D        | Noticed a merfolk
  2120 | D        | Noticed a hippogriff
  2120 | D        | Noticed a mermaid
  2120 | D        | Noticed a sea snake
  2123 | D        | Killed a sea snake
  2124 | D        | Noticed a snapping turtle
  2125 | D        | Noticed a manticore
  2126 | D        | Killed a mermaid
  2131 | D        | Killed a hippogriff
  2134 | D        | Killed a merfolk
  2140 | D        | Killed a merfolk
  2143 | D        | Killed a merfolk
  2146 | D        | Killed a snapping turtle
  2146 | D        | Received a gift from Trog
  2150 | D        | Killed a manticore
  2197 | D        | Noticed a swamp dragon
  2197 | D        | Noticed a giant leech
  2197 | D        | Noticed a giant leech
  2197 | D        | Noticed a spiny frog
  2197 | D        | Noticed an insubstantial wisp
  2197 | D        | Noticed a slime creature
  2203 | D        | Killed a slime creature
  2205 | D        | Killed an insubstantial wisp
  2206 | D        | Killed a spiny frog
  2210 | D        | Killed a giant leech
  2214 | D        | Killed a giant leech
  2219 | D        | Killed a swamp dragon
  2222 | D        | Noticed a slime creature
  2232 | D        | Killed a slime creature
  2236 | D        | Noticed a red wasp
  2236 | D        | Noticed an orb spider
  2236 | D        | Noticed a jumping spider
  2236 | D        | Noticed an orb spider
  2236 | D        | Noticed a spider
  2236 | D        | Noticed a demonic crawler
  2236 | D        | Noticed a wolf spider
  2237 | D        | Killed a jumping spider
  2237 | D        | Reached skill level 21 in Maces & Flails
  2240 | D        | Killed a wolf spider
  2240 | D        | Received a gift from Trog
  2244 | D        | Noticed an orb spider
  2244 | D        | Killed an orb spider
  2246 | D        | Noticed an orb spider
  2246 | D        | Killed a demonic crawler
  2247 | D        | Killed an orb spider
  2249 | D        | Killed a spider
  2251 | D        | Killed a red wasp
  2254 | D        | Killed an orb spider
  2258 | D        | Killed an orb spider
  2268 | D        | Received a gift from Trog
  2335 | D        | Noticed Nessos
  2358 | D        | Killed Nessos
  2444 | D        | Noticed a stone giant
  2444 | D        | Noticed a stone giant
  2444 | D        | Noticed a mottled dragon
  2444 | D        | Noticed a stone giant
  2444 | D        | Noticed a white ugly thing
  2449 | D        | Noticed a yaktaur captain
  2449 | D        | Killed a white ugly thing
  2451 | D        | Noticed a fire giant
  2452 | D        | Noticed a stone giant
  2455 | D        | Noticed a boulder beetle
  2455 | D        | Killed a stone giant
  2457 | D        | Noticed a storm dragon
  2458 | D        | Killed a mottled dragon
  2462 | D        | Killed a stone giant
  2466 | D        | Killed a stone giant
  2468 | D        | Killed a yaktaur captain
  2476 | D        | Killed a fire giant
  2476 | D        | Received a gift from Trog
  2501 | D        | Killed a stone giant
  2501 | D        | Reached XP level 13. HP: 53/130 MP: 7/12
  2525 | D        | Killed a boulder beetle
  2525 | D        | Reached skill level 22 in Maces & Flails
  2525 | D        | Killed from afar by a storm dragon

Action                   |  1- 3 |  4- 6 |  7- 9 | 10-12 | 13-15 || total
-------------------------+-------+-------+-------+-------+-------++-------
Melee: Mace              |    23 |       |       |       |       ||    23
       Morningstar       |     6 |     4 |       |       |       ||    10
       Dire flail        |       |     8 |    51 |       |       ||    59
       Great mace        |       |       |    52 |   254 |    11 ||   317
Invok: Trog's Hand       |     1 |       |     1 |     9 |       ||    11
       Brothers in Arms  |     1 |       |       |     3 |       ||     4
       Berserk           |       |       |       |     1 |       ||     1
  Use: Scroll            |       |       |     3 |     7 |       ||    10
       Potion            |       |       |       |     1 |       ||     1
